 Dungeon Crawl Stone Soup version 0.21.1-1-g345015f (webtiles) character file.

14234 kae the Cleaver (level 12, -3/108 HPs)
             Began as a Hill Orc Fighter on June 1, 2018.
             Was a Priest of Makhleb.
             Slain by a fire dragon (4 damage)
             ... on level 10 of the Dungeon.
             The game lasted 00:11:12 (12519 turns).

kae the Cleaver (Hill Orc Fighter)                 Turns: 12519, Time: 00:11:13

Health: -3/108     AC: 13    Str: 24    XL:     12   Next: 14%
Magic:  16/16      EV: 12    Int:  8    God:    Makhleb [***...]
Gold:   645        SH: 14    Dex: 15    Spells: 11/11 levels left

rFire    . . .     SeeInvis .   a - +1 war axe
rCold    . . .     Gourm    .   c - +0 shield
rNeg     . . .     Faith    .   b - +0 scale mail
rPois    +         Spirit   .   i - +1 hat
rElec    .         Reflect  +   (no cloak)
rCorr    .         Harm     .   m - +1 pair of gloves {Dex+3}
MR       .....                  e - +0 pair of boots
Stlth    ..........             l - +4 amulet of reflection
HPRegen  0.28/turn              q - +2 ring of dexterity
MPRegen  0.15/turn              y - ring of poison resistance

@: very slightly contaminated, invisible
A: no striking features
a: Minor Destruction, Lesser Servant of Makhleb, Renounce Religion


You were on level 10 of the Dungeon.
You worshipped Makhleb.
Makhleb was most pleased with you.
You were not hungry.

You visited 2 branches of the dungeon, and saw 11 of its levels.

You collected 645 gold pieces.

Inventory:

Hand Weapons
 a - a +1 war axe (weapon)
 E - a +0 war axe
Missiles
 F - 4 throwing nets (quivered)
Armour
 b - a +0 scale mail (worn)
 c - a +0 shield (worn)
 e - a +0 pair of boots (worn)
 i - a +1 hat (worn)
 m - a +1 pair of gloves of dexterity (worn)
Jewellery
 l - a +4 amulet of reflection (around neck)
 q - a +2 ring of dexterity (left hand)
 y - a ring of poison resistance (right hand)
Wands
 o - a wand of disintegration (19)
 B - a wand of scattershot (6)
 D - a wand of flame (21)
 G - a wand of acid (4)
 H - a wand of iceblast (6)
 I - a wand of polymorph (12)
Scrolls
 n - 4 scrolls of teleportation
 p - 2 scrolls of remove curse
 r - 3 scrolls of identify
 v - a scroll of magic mapping
 w - 4 scrolls of amnesia
 C - a scroll of fear
Potions
 g - 2 potions of agility
 s - 2 potions of degeneration
 t - a potion of mutation {unknown}
 z - 2 potions of heal wounds {unknown}
 A - 4 potions of haste
Comestibles
 d - 2 chunks of flesh
 f - 18 rations


   Skills:
 + Level 10.6 Fighting
 * Level 14.8 Axes
 + Level 9.8 Armour
 + Level 7.0 Dodging
 - Level 3.2 Shields
 + Level 6.0 Invocations


You had 11 spell levels left.
You didn't know any spells.

Dungeon Overview and Level Annotations

Branches:
Dungeon (10/15)            Temple (1/1) D:7            Lair (0/6) D:8
    Orc (0/2) D:9

Altars:
Ashenzari
Cheibriados
Dithmenos
Elyvilon
Fedhas
Gozag
Hepliaklqana
Kikubaaqudgha
Makhleb
Nemelex Xobeh
Okawaru
Qazlal
Ru
Sif Muna
Trog
Uskayaw
Vehumet
Wu Jian
Xom
Yredelemnul
Zin
The Shining One

Annotations:
D:6 empire's ghost, novice MiFi


Message History

The fire dragon barely misses your iron imp.
The fire dragon claws your iron imp.
The fire dragon barely misses your iron imp.
Your orange demon stings the fire dragon from afar!
Your neqoxec closely misses the fire dragon.
The fire dragon bites your iron imp.
Your iron imp dies!
Your neqoxec closely misses the fire dragon.
Your orange demon barely misses the fire dragon.
The fire dragon roars deafeningly!
The fire dragon bites you.
* * * LOW HITPOINT WARNING * * *
The fire dragon claws you but does no damage.
You block the fire dragon's attack.
Your neqoxec hits the fire dragon.
Your orange demon stings the fire dragon from afar.
You barely miss the fire dragon.
The fire dragon is almost dead.
The fire dragon closely misses you. You block the fire dragon's attack.
The fire dragon tramples you.
You die...

############ #(@D...%...#
#)..3......## ≈
#####.4).......≈##
≈≈≈#......#.....≈≈≈≈#≈
≈≈≈≈......#.....≈≈≈≈≈≈≈≈..
≈≈≈......)......≈≈≈≈≈≈≈≈≈.
≈≈#........#...#.≈≈≈≈≈≈≈≈.
. #.?..........(.≈≈≈≈≈≈≈≈.
$
.........)....).≈≈D≈≈>≈≈≈.


You could see a fire dragon, a friendly orange demon and a friendly neqoxec.

Vanquished Creatures
  The ghost of soepske the Fighter, a journeyman FoFi of Okawaru (D:9)
  4 two-headed ogres
  The ghost of Rekenzichi the Grappler, a novice TrMo of Ru (D:8)
  An unseen horror (D:10)
  A deep elf mage (D:10)
  An orc knight (D:10)
  A komodo dragon (D:8)
  A tengu conjurer (D:10)
  A troll (D:8)
  A wraith (D:10)
  A vampire (D:10)
  16 yaks
  Edmund (D:5)
  A steam dragon (D:9)
  A vampire mosquito (D:10)
  2 insubstantial wisps (D:9)
  An ice beast (D:6)
  3 orc warriors
  4 sky beasts
  A necrophage (D:7)
  2 centaurs
  An ogre (D:8)
  An elf zombie (D:7)
  2 big kobolds (D:7)
  5 bullfrogs
  A scorpion (D:5)
  13 killer bees
  7 wights
  10 howler monkeys
  2 electric eels (D:10)
  2 crimson imps
  A centaur zombie (D:10)
  4 jellies
  6 hounds
  5 orc priests
  A quasit (D:9)
  2 bullfrog skeletons
  2 centaur skeletons
  5 human zombies (D:7)
  8 orc wizards
  Ijyb (D:4)
  4 iguanas
  Natasha (thrice) (D:4)
  6 worker ants
  A killer bee zombie (D:6)
  An ogre skeleton (D:7)
  4 hound skeletons
  A mummy (D:7)
  13 adders
  8 gnolls
  A shadow imp (D:10)
  2 oozes
  2 worms
  5 dart slugs
  5 leopard geckos
  45 orcs
  6 giant cockroaches
  6 goblins
  9 hobgoblins
  13 jackals
  9 quokkas
  4 bats
  14 frilled lizards
  21 kobolds
  A leopard gecko skeleton (D:4)
  A leopard gecko zombie (D:6)
  An orc zombie (D:7)
  A quokka skeleton (D:4)
  11 rats
323 creatures vanquished.

Vanquished Creatures (collateral kills)
  A tengu warrior (D:10)
  A sky beast (D:10)
  A bullfrog skeleton (D:10)
3 creatures vanquished.

Vanquished Creatures (others)
  13 plants (D:8)
13 creatures vanquished.

Grand Total: 339 creatures vanquished

Notes
Turn   | Place    | Note
-------+----------+-------------------------------------------
     0 | D:1      | kae the Hill Orc Fighter began the quest for the Orb.
     0 | D:1      | Reached XP level 1. HP: 19/19 MP: 1/1
   143 | D:1      | Reached skill level 3 in Axes
   324 | D:1      | Reached XP level 2. HP: 27/27 MP: 2/2
   612 | D:1      | Reached XP level 3. HP: 33/33 MP: 3/3
  1134 | D:2      | Found a faded altar of an unknown god.
  1289 | D:2      | Found a radiant altar of Vehumet.
  1475 | D:2      | Reached skill level 4 in Axes
  1475 | D:2      | Reached skill level 1 in Dodging
  1525 | D:2      | Found a sparkling altar of Nemelex Xobeh.
  1634 | D:2      | Reached XP level 4. HP: 38/40 MP: 4/4
  2698 | D:3      | Reached XP level 5. HP: 43/47 MP: 5/5
  2816 | D:3      | Found a sacrificial altar of Ru.
  2889 | D:3      | Reached skill level 5 in Axes
  3286 | D:3      | Reached XP level 6. HP: 48/53 MP: 6/6
  3464 | D:4      | Noticed Ijyb
  3476 | D:4      | Killed Ijyb
  3792 | D:4      | Reached skill level 5 in Fighting
  3792 | D:4      | Reached skill level 6 in Axes
  3840 | D:4      | Found a shattered altar of Ashenzari.
  4048 | D:4      | Noticed Natasha
  4058 | D:4      | Killed Natasha
  4331 | D:4      | Reached XP level 7. HP: 61/61 MP: 7/7
  4392 | D:4      | Noticed Natasha
  4398 | D:4      | Killed Natasha
  4466 | D:4      | Noticed Natasha
  4481 | D:4      | Killed Natasha
  4522 | D:5      | Entered Level 5 of the Dungeon
  4575 | D:5      | Noticed Edmund
  4586 | D:5      | Killed Edmund
  4586 | D:5      | Reached skill level 7 in Axes
  4586 | D:5      | Reached skill level 5 in Armour
  4759 | D:5      | Found a hazy altar of Hepliaklqana.
  5023 | D:5      | Reached XP level 8. HP: 48/70 MP: 8/8
  5279 | D:4      | Found a hide-covered altar of Uskayaw.
  5366 | D:5      | Reached skill level 8 in Axes
  5710 | D:6      | Noticed empire's ghost (novice MiFi)
  5978 | D:6      | Reached skill level 9 in Axes
  6121 | D:6      | Found a basalt altar of Yredelemnul.
  6841 | D:7      | Reached XP level 9. HP: 54/79 MP: 9/9
  7177 | D:7      | Reached skill level 10 in Axes
  7450 | D:7      | Found a staircase to the Ecumenical Temple.
  7671 | Temple   | Entered the Ecumenical Temple
  7873 | Temple   | Became a worshipper of Makhleb the Destroyer
  8088 | D:7      | Found an ancient bone altar of Kikubaaqudgha.
  8222 | D:8      | Noticed Rekenzichi's ghost (novice TrMo)
  8577 | D:8      | Killed Rekenzichi's ghost
  8577 | D:8      | Reached skill level 11 in Axes
  8577 | D:8      | Reached skill level 5 in Dodging
  8577 | D:8      | Reached XP level 10. HP: 24/88 MP: 10/10
  8936 | D:8      | Noticed a two-headed ogre
  8947 | D:8      | Killed a two-headed ogre
  9147 | D:8      | Reached * piety under Makhleb
  9239 | D:8      | Reached skill level 12 in Axes
  9286 | D:8      | Noticed a two-headed ogre
  9294 | D:8      | Killed a two-headed ogre
  9484 | D:8      | Found a staircase to the Lair.
 10049 | D:9      | Found a glowing silver altar of Zin.
 10091 | D:9      | Noticed soepske's ghost (journeyman FoFi)
 10094 | D:9      | Noticed a two-headed ogre
 10106 | D:9      | Killed a two-headed ogre
 10106 | D:9      | Reached skill level 13 in Axes
 10115 | D:9      | Killed soepske's ghost
 10115 | D:9      | Reached XP level 11. HP: 43/97 MP: 10/13
 10408 | D:9      | Reached ** piety under Makhleb
 10534 | D:9      | Found a staircase to the Orcish Mines.
 10559 | D:9      | Found a shimmering altar of Xom.
 10564 | D:9      | Found a snail-covered altar of Cheibriados.
 10567 | D:9      | Found a hazy altar of Hepliaklqana.
 10639 | D:9      | Reached skill level 10 in Fighting
 10685 | D:9      | Reached skill level 14 in Axes
 10690 | D:9      | Reached *** piety under Makhleb
 11019 | D:10     | Entered Level 10 of the Dungeon
 11113 | D:10     | Noticed a deep elf mage
 11115 | D:10     | Noticed an orc knight
 11130 | D:10     | Killed an orc knight
 11599 | D:10     | Noticed a centaur warrior
 11607 | D:10     | Killed a deep elf mage
 11611 | D:10     | Noticed a tengu warrior
 11923 | D:10     | Reached skill level 5 in Invocations
 11972 | D:10     | Noticed a two-headed ogre
 11987 | D:10     | Killed a two-headed ogre
 12007 | D:10     | Reached XP level 12. HP: 88/107 MP: 16/16
 12156 | D:10     | Noticed a fire dragon
 12464 | D:10     | Killed a tengu warrior
 12518 | D:10     | HP: 1/108 [fire dragon (6)]
 12519 | D:10     | Slain by a fire dragon

Skill      XL: |  1  2  3  4  5  6  7  8  9 10 11 12 |
---------------+-------------------------------------+-----
Axes           | 3 4 5 6 7 9 11 13 14 | 14.8
Fighting       | 4 5 7 8 9 10 | 10.6
Dodging        | 1 2 3 5 6 7 |  7.0
Armour         | 4 5 6 7 8 9 |  9.8
Invocations    | 2 5 6 |  6.0
Shields        | |  3.2

Action                   |  1- 3 |  4- 6 |  7- 9 | 10-12 || total
-------------------------+-------+-------+-------+-------++-------
Melee: War axe           |   135 |   270 |   451 |   399 ||  1255
Invok: Lesser Servant of |       |       |       |     9 ||     9
       Minor Destruction |       |       |       |     7 ||     7
  Use: Scroll            |       |     7 |     7 |     2 ||    16
       Potion            |       |       |     2 |    12 ||    14
 Stab: Distracted        |       |       |       |     2 ||     2
  Eat: Chunk             |     2 |    10 |    12 |    12 ||    36
       Ration            |       |       |       |     1 ||     1
Armor: Scale mail        |    87 |    69 |   158 |   116 ||   430
       Skin              |       |       |       |   101 ||   101
Dodge: Dodged            |    46 |    58 |   107 |   121 ||   332
Block: Shield            |    73 |   182 |   273 |   312 ||   840
       Reflection        |       |     2 |     5 |    13 ||    20
